 Dungeon Crawl Stone Soup version 0.23-a0-690-g0a1fc62c7c (webtiles) character file.

856 Morbidden the Ducker (level 8, -8/54 HPs)
             Began as an Octopode Fighter on Jan 11, 2019.
             Splashed by a jelly's acid (10 damage)
             ... on level 6 of the Dungeon.
             The game lasted 00:13:28 (4417 turns).

Morbidden the Ducker (Octopode Fighter)             Turns: 4417, Time: 00:13:28

Health: -8/54      AC: -7    Str: 20    XL:     8   Next: 2%
Magic:  19/19      EV: 13    Int: 10    God:
Gold:   324        SH: 10    Dex: 14    Spells: 9/10 levels left

rFire    + . .     SeeInvis .   r - +2 dagger (flame)
rCold    . . .     Gourm    .   b - +0 shield
rNeg     . . .     Faith    .   (helmet restricted)
rPois    .         Spirit   .   (no amulet)
rElec    .         Reflect  .   e - ring of stealth
rCorr    .         Harm     .   q - ring of magical power
MR       .....                  t - ring of protection from fire
Stlth    +++++.....             (no ring)
HPRegen  0.18/turn              (no ring)
MPRegen  0.16/turn              (no ring)
                                (no ring)
                                (no ring)

@: mighty, corroded
A: almost no armour, stealthy swim, amphibious, 8 rings, constrict 8, camouflage
1, gelatinous body 1
a: no special abilities


You were on level 6 of the Dungeon.
You were very hungry.

You visited 1 branch of the dungeon, and saw 6 of its levels.

You collected 324 gold pieces.

Inventory:

Hand Weapons
 a - a +0 long sword
 f - a +1 short sword of speed
 r - a +2 dagger of flaming (weapon)
Armour
 b - a +0 shield (worn)
Jewellery
 e - a ring of stealth (left tentacle)
 q - a ring of magical power (right tentacle)
 t - a ring of protection from fire (on tentacle)
Wands
 h - a wand of random effects (12)
 m - a wand of disintegration (9)
Scrolls
 g - a scroll of blinking {unknown}
 i - 3 scrolls of remove curse
 j - 3 scrolls of teleportation {unknown}
 k - a scroll of magic mapping {unknown}
 l - 4 scrolls of identify {unknown}
 n - a scroll of fear {unknown}
Potions
 o - a potion of degeneration {unknown}
 p - a potion of berserk rage {unknown}
 s - a potion of invisibility {unknown}
 u - a potion of haste {unknown}
Comestibles
 d - 12 rations


   Skills:
 + Level 4.1 Fighting
 + Level 3.5(4.4) Short Blades
 * Level 3.9(4.6) Long Blades
 * Level 4.5 Dodging
 + Level 4.1 Stealth
 + Level 4.1 Shields
 * Level 1.6 Spellcasting
 * Level 2.1 Hexes


You had 9 spell levels left.
You knew the following spells:

 Your Spells              Type           Power        Failure   Level  Hunger
a - Confusing Touch       Hex            #.....       50%         1    ##.....

Your spell library contained the following spells:

 Spells                   Type           Power        Failure   Level  Hunger
 Animate Skeleton         Necr           N/A          80%         1    ##.....
 Apportation              Tloc           #.....       80%         1    ##.....
 Summon Small Mammal      Summ           #...         80%         1    ##.....


Dungeon Overview and Level Annotations

Branches:
Dungeon (6/15)
 Temple: D:4-7

Altars:
Trog
Xom

Shops:
D:4 }

Annotations:
D:4 3 runed doors, Adamkad1's ghost, amateur TrMo


Innate Abilities, Weirdness & Mutations

You cannot wear most types of armour.
You are very stealthy in the water. (Stealth+)
You are amphibious.
You can wear up to eight rings at the same time.
You can use your tentacles to constrict eight enemies at once.
Your skin changes colour to match your surroundings (Stealth+).
Your rubbery body absorbs attacks. (AC +1, EV +1)


Message History

Unknown command.
You hit the jelly but do no damage.
Your tentacles burn!
The jelly is moderately wounded.
Unknown command.
You hit the jelly. You burn the jelly.
Your tentacles burn!
The jelly is heavily wounded.
The jelly barely misses you.
Unknown command.
You hit the jelly. You burn the jelly. The acid corrodes you!
Your tentacles burn!
The jelly is severely wounded.
The jelly hits you.
* * * LOW HITPOINT WARNING * * *
You are splashed with acid!
The acid burns!
* * * LOW HITPOINT WARNING * * *
You feel very mighty all of a sudden. The jelly hits you.
* * * LOW HITPOINT WARNING * * *
You are splashed with acid!
The acid burns!
You die...

. ..
...####+#####+#
#....<.......
#....(.......
+....@J......
#...)........
#............
########.....
..... .....
.... ...


You could see a jelly.

Vanquished Creatures
  An ogre (D:4)
  A centaur (D:6)
  A howler monkey (D:4)
  4 crimson imps (D:5)
  A jelly (D:4)
  2 orc priests
  7 orc wizards
  A worker ant (D:4)
  Robin (D:2)
  4 adders
  A shadow imp (D:5)
  An ooze (D:1)
  An adder skeleton (D:5)
  3 worms
  A dart slug (D:2)
  4 leopard geckos
  20 orcs
  A ball python (D:3)
  6 giant cockroaches
  16 goblins
  8 hobgoblins
  16 jackals
  9 kobolds
  2 quokkas (D:2)
  7 bats
  4 frilled lizards
  6 rats
129 creatures vanquished.

Notes
Turn   | Place    | Note
-------+----------+-------------------------------------------
     0 | D:1      | Morbidden the Octopode Fighter began the quest for the Orb.
     0 | D:1      | Reached XP level 1. HP: 16/16 MP: 1/1
   136 | D:1      | Reached XP level 2. HP: 11/21 MP: 2/2
   608 | D:1      | Reached XP level 3. HP: 23/26 MP: 3/3
  1127 | D:2      | Noticed Robin
  1155 | D:2      | Reached skill level 1 in Stealth
  1167 | D:2      | Killed Robin
  1167 | D:2      | Reached XP level 4. HP: 19/31 MP: 4/4
  1175 | D:2      | Reached skill level 1 in Short Blades
  1864 | D:2      | Reached XP level 5. HP: 27/36 MP: 5/5
  2560 | D:3      | Found a faded altar of an unknown god.
  2692 | D:3      | Reached XP level 6. HP: 43/43 MP: 6/6
  2811 | D:3      | Learned a level 1 spell: Confusing Touch
  2971 | D:4      | Found Gouptaf's Gadget Emporium.
  3041 | D:4      | HP: 3/64 [orc/+0 flail (2)]
  3346 | D:4      | Found a runed gate.
  3352 | D:4      | Reached skill level 1 in Hexes
  3356 | D:4      | Reached XP level 7. HP: 46/47 MP: 8/8
  3362 | D:4      | Found a runed gate.
  3414 | D:4      | Noticed Adamkad1's ghost (amateur TrMo)
  3440 | D:4      | Found a bloodstained altar of Trog.
  3549 | D:4      | Reached skill level 1 in Spellcasting
  3671 | D:4      | Found a runed gate.
  3891 | D:5      | Entered Level 5 of the Dungeon
  4298 | D:5      | Found a shimmering altar of Xom.
  4412 | D:6      | Reached XP level 8. HP: 37/54 MP: 10/10
  4417 | D:6      | HP: 2/54 [jelly (3)]
  4417 | D:6      | Splashed by a jelly's acid

Vault maps used:
D:1:      evilmike_arrival_grusome_pit
D:2:      kennysheep_six_static_rooms, first_ration,
          minmay_fractal_squares_gapless_5, uniq_robin
D:3:      chequers_ecumenical_altar_simple_redux
D:4:      gammafunk_ghost_icy, serial_shops, shop_statue, bloody_trog
D:5:      led_xom_imps
D:6:      minmay_temple_entry_large_hall, uniq_sigmund

Skill      XL: |  1  2  3  4  5  6  7 |
---------------+----------------------+-----
Stealth        | 1 2 3 4 |  4.1
Short Blades   | 1 2 3 |  3.5
Long Blades    | 3 |  3.9
Hexes          | 1 2 |  2.1
Dodging        | 4 |  4.5
Spellcasting   | 1 |  1.6
Fighting       | 4 |  4.1
Shields        | 4 |  4.1

Action                   |  1- 3 |  4- 6 |  7- 9 || total
-------------------------+-------+-------+-------++-------
Melee: Long sword        |    34 |       |       ||    34
       Constrict         |    24 |    35 |    16 ||    75
       Tentacles         |    17 |    25 |    18 ||    60
       Short sword       |    39 |   130 |     2 ||   171
       Dagger            |       |     5 |    89 ||    94
  Use: Scroll            |       |     1 |       ||     1
       Potion            |       |     6 |     1 ||     7
 Stab: Sleeping          |     7 |    15 |       ||    22
  Eat: Chunk             |       |     7 |     3 ||    10
Armor: Skin              |     3 |     5 |     1 ||     9
Dodge: Dodged            |    27 |    50 |    27 ||   104
Block: Shield            |    20 |    45 |    32 ||    97
       Rpst.: Long sword |     4 |       |       ||     4

Table legend:
 A = Non-vault XP
 B = Vault XP
 C = Vault XP percentage of total XP
 D = Non-vault monster count
 E = Vault monster count
 F = Vault count percentage of total count
                 A         B        C        D         E       F
            +---------+---------+-------+---------+---------+-------
      Total |     945 |     278 |  22.7 |     102 |      27 |  20.9
            +---------+---------+-------+---------+---------+-------
        D:1 |      45 |       0 |   0.0 |      22 |       0 |   0.0
        D:2 |      55 |      84 |  60.4 |      25 |      23 |  47.9
        D:3 |     137 |       0 |   0.0 |      23 |       0 |   0.0
        D:4 |     501 |       0 |   0.0 |      25 |       0 |   0.0
        D:5 |      97 |     194 |  66.7 |       6 |       4 |  40.0
        D:6 |     110 |       0 |   0.0 |       1 |       0 |   0.0
            +---------+---------+-------+---------+---------+-------
